[Event "Titled Tuesday Blitz May 03 Early 2022"]
[White "parintele_chess"]
[Black "Kim, Sergey"]
[BlackFideId "13700570"]
[WhiteElo "2219"]
[BlackElo "2572"]
[Result "0-1"]
[Round "01"]
[TimeControl "180+1"]
[Date "2022.05.03"]
[WhiteClock "0:00:04"]
[BlackClock "0:00:26"]

1. d4 Nf6 2. Bf4 g6 3. Nc3 d6 4. e4 c6 5. Nf3 Qc7 6. Bd3 Nbd7 7. O-O e5 8. Be3 Bg7 9. h3 O-O 10. Qe2 Re8 11. Rfe1 a5 12. a4 exd4 13. Bxd4 Ne5 14. Nxe5 dxe5 15. Be3 Nd7 16. Rad1 Bf8 17. Qf3 Nc5 18. Bc4 Be6 19. Bxe6 Nxe6 20. Rd2 Rad8 21. Red1 Rxd2 22. Rxd2 Be7 23. Qd1 Rd8 24. Rxd8+ Bxd8 25. Qd3 Be7 26. g3 Bc5 27. Bxc5 Nxc5 28. Qc4 Qd6 29. b3 Kg7 30. Kg2 h5 31. h4 b6 32. Kf3 Qd2 33. Ne2 Qd1 34. Kg2 Qd2 35. Kf3 Ne6 36. Qd3 Qe1 37. Kg2 Qb1 38. Qc3 Kf6 39. Qxc6 Qd1 40. Qc4 Kg7 41. f4 exf4 42. Qc3+ Kg8 43. Nxf4 Nc5 44. Nd5 Nxe4 45. Qc8+ Kg7 46. Qc4 Qd2+ 47. Kh3 Nf2+ 48. Kg2 Ng4+ 49. Kf3 Ne5+ 0-1


[Site "https://www.chess.com"]

[Event "Titled Tuesday Blitz May 03 Early 2022"]
[White "Agasarov, Benik"]
[Black "Manukian, Artak"]
[WhiteFideId "13314823"]
[BlackFideId "13301373"]
[WhiteElo "2546"]
[BlackElo "2364"]
[Result "0-1"]
[Round "02"]
[TimeControl "180+1"]
[Date "2022.05.03"]
[WhiteClock "0:01:03"]
[BlackClock "0:00:14"]

1. d4 Nf6 2. c4 e6 3. Nc3 Bb4 4. Nf3 O-O 5. Bg5 c5 6. d5 Qa5 7. Bxf6 gxf6 8. e3 Bxc3+ 9. bxc3 Qxc3+ 10. Nd2 f5 11. Rc1 Qa5 12. Bd3 d6 13. O-O Nd7 14. f4 Nf6 15. Rf3 Kh8 16. Rg3 Rg8 17. Rxg8+ Kxg8 18. e4 Bd7 19. e5 dxe5 20. fxe5 Ne8 21. Nb3 Qd8 22. Kh1 b6 23. Qf3 Rc8 24. Rf1 Qg5 25. Qe2 Kh8 26. Nd2 Nc7 27. Nf3 Qh6 28. d6 Na6 29. a3 Nb8 30. Bc2 Bc6 31. Rg1 Nd7 32. Qd1 Rg8 33. Ba4 Bxf3 34. Qxf3 Nxe5 35. Qd3 Nxd3 0-1


[Site "https://www.chess.com"]

[Event "Titled Tuesday Blitz May 03 Early 2022"]
[White "Al-Tarboush, Ward"]
[Black "Visakh N R"]
[WhiteFideId "7601450"]
[BlackFideId "25012223"]
[WhiteElo "2276"]
[BlackElo "2448"]
[Result "0-1"]
[Round "02"]
[TimeControl "180+1"]
[Date "2022.05.03"]
[WhiteClock "0:00:54"]
[BlackClock "0:00:58"]

1. e4 c5 2. Nf3 d6 3. d4 cxd4 4. Nxd4 Nf6 5. Nc3 a6 6. h3 e5 7. Nde2 h5 8. Bg5 Be6 9. g3 Nbd7 10. Bg2 Qc7 11. a4 Be7 12. Qd2 Rc8 13. b3 O-O 14. O-O b5 15. axb5 axb5 16. Rac1 Qb8 17. Rfd1 Rfe8 18. Be3 Nc5 19. f3 b4 20. Nd5 Nxd5 21. exd5 Bf5 22. g4 Bg6 23. f4 Be4 24. Bxc5 Bxg2 25. Kxg2 Rxc5 26. Ng3 hxg4 27. hxg4 Qc8 28. f5 e4 29. Nxe4 Rc7 30. f6 Bf8 31. Nf2 Rc3 32. fxg7 Bxg7 33. Rh1 Ree3 34. Rce1 Rg3+ 35. Kf1 Rxc2 36. Qd3 Rxd3 0-1


[Site "https://www.chess.com"]

[Event "Titled Tuesday Blitz May 03 Early 2022"]
[White "Andreikin, Dmitry"]
[Black "Samarth, J Rao"]
[WhiteFideId "4158814"]
[BlackFideId "46652370"]
[WhiteElo "2736"]
[BlackElo "1514"]
[Result "1-0"]
[Round "02"]
[TimeControl "180+1"]
[Date "2022.05.03"]
[WhiteClock "0:01:24"]
[BlackClock "0:00:27"]

1. e4 c5 2. Nc3 Nc6 3. Bb5 Nd4 4. Nf3 Nxb5 5. Nxb5 d6 6. d4 cxd4 7. Qxd4 a6 8. Nc3 e5 9. Qd3 Nf6 10. Bg5 Be7 11. O-O-O Be6 12. Bxf6 gxf6 13. Nd5 Bxd5 14. Qxd5 Qc7 15. Nh4 Rc8 16. c3 Qc6 17. Qd3 Qc4 18. Nf5 Qxd3 19. Rxd3 Rc6 20. Rg3 Bf8 21. Kc2 Kd7 22. h4 Ke6 23. Rd1 Rc4 24. Re3 d5 25. Rxd5 Rxe4 26. Rxe4 Kxd5 27. Kd3 Rg8 28. g4 Bc5 29. f3 Rd8 30. Kc2 b5 31. Re2 Ke6 32. Rd2 Rxd2+ 33. Kxd2 a5 34. Kd3 Bf2 35. b3 Be1 36. c4 b4 37. Ke4 Bf2 38. h5 Bg1 39. Ng7+ Ke7 40. Kd5 Bf2 41. c5 Kd7 42. c6+ Kc7 43. Ne8+ Kd8 44. Nxf6 Bd4 45. Nxh7 1-0


[Site "https://www.chess.com"]

[Event "Titled Tuesday Blitz May 03 Early 2022"]
[White "Ansh M Shah"]
[Black "Ronka, Erik"]
[WhiteFideId "25033379"]
[BlackFideId "505080"]
[WhiteElo "1819"]
[BlackElo "2264"]
[Result "0-1"]
[Round "02"]
[TimeControl "180+1"]
[Date "2022.05.03"]
[WhiteClock "0:00:01"]
[BlackClock "0:00:24"]

1. d4 d5 2. c4 e6 3. Nf3 a6 4. g3 dxc4 5. Bg2 b5 6. O-O Bb7 7. a4 Nd7 8. b3 cxb3 9. Qxb3 c6 10. Ne5 Nxe5 11. dxe5 Ne7 12. Rd1 Qb8 13. Nc3 Nd5 14. Nxd5 exd5 15. e4 d4 16. e6 f6 17. Rxd4 Be7 18. Rd7 Bc8 19. Rxe7+ Kxe7 20. Ba3+ Ke8 21. Rd1 Qe5 22. f4 Qxe6 23. Qb4 Bb7 24. e5 Rd8 0-1


[Site "https://www.chess.com"]

[Event "Titled Tuesday Blitz May 03 Early 2022"]
[White "Antonio, Jorge Carlos"]
[Black "Rabineau, Clement"]
[WhiteFideId "113190"]
[BlackFideId "628891"]
[WhiteElo "2247"]
[BlackElo "2237"]
[Result "0-1"]
[Round "02"]
[TimeControl "180+1"]
[Date "2022.05.03"]
[WhiteClock "0:00:59"]
[BlackClock "0:00:04"]

1. d4 d6 2. Nf3 g6 3. c4 Bg7 4. Nc3 c5 5. e3 Nc6 6. Be2 Nf6 7. d5 Na5 8. O-O O-O 9. e4 a6 10. e5 dxe5 11. Nxe5 Nxd5 12. Nxf7 Nxc3 13. Nxd8 Nxd1 14. Rxd1 Bf5 15. Bd2 Bxb2 16. Bxa5 Bxa1 17. Rxa1 Rfxd8 18. Bxd8 Rxd8 19. Kf1 Rd2 20. Ke1 Rb2 21. a4 Rb1+ 22. Rxb1 Bxb1 23. a5 Be4 24. f3 Bc6 25. Kd2 e5 26. Kc3 Kf7 27. g3 g5 28. h4 gxh4 29. gxh4 h6 30. Kd3 Kg6 31. Ke3 Kf6 32. Bd1 Ke6 33. Be2 Kd6 34. f4 exf4+ 35. Kxf4 Ke6 36. h5 Kf6 37. Kg4 Bh1 38. Kf4 Bc6 39. Kg4 Ke5 40. Bf1 Be4 41. Be2 Bf5+ 42. Kh4 Be4 43. Kg3 Kf5 44. Bg4+ Kg5 45. Bc8 Kxh5 46. Kf4 Bc6 47. Ke5 Kg5 48. Kd6 Kf4 49. Kxc5 h5 50. Kb6 h4 51. Bxb7 Bxb7 52. Kxb7 h3 53. c5 h2 54. c6 h1=Q 55. Kb6 Qb1+ 56. Kxa6 Ke5 57. c7 Qd3+ 58. Kb7 Qb5+ 59. Ka7 Qc5+ 60. Kb8 Qb4+ 61. Ka7 Qd4+ 62. Kb7 Qd5+ 63. Kb8 Qd6 64. Kb7 Qd7 65. a6 Kd6 66. a7 Qxc7+ 67. Ka6 Qc6+ 68. Ka5 Kc5 69. a8=Q Qxa8# 0-1


[Site "https://www.chess.com"]

[Event "Titled Tuesday Blitz May 03 Early 2022"]
[White "Arabidze, Meri"]
[Black "Varshini, V"]
[WhiteFideId "13604040"]
[BlackFideId "5091241"]
[WhiteElo "2335"]
[BlackElo "1948"]
[Result "1-0"]
[Round "02"]
[TimeControl "180+1"]
[Date "2022.05.03"]
[WhiteClock "0:00:21"]
[BlackClock "0:00:02"]

1. Nf3 d5 2. g3 Nf6 3. Bg2 e6 4. O-O Be7 5. b3 O-O 6. Bb2 c5 7. c4 b6 8. cxd5 exd5 9. d4 Bb7 10. Nc3 Nbd7 11. Rc1 Rc8 12. dxc5 Nxc5 13. Nd4 Nfe4 14. Nxe4 dxe4 15. Nf5 Bf6 16. Qxd8 Rcxd8 17. Bxf6 gxf6 18. Rfd1 Ba6 19. b4 Ne6 20. Bxe4 Bxe2 21. Rxd8 Rxd8 22. h4 Nd4 23. Ne7+ Kg7 24. Rc7 Nf3+ 25. Kg2 Ne1+ 26. Kh3 h5 27. Nf5+ Kf8 28. Ne3 f5 29. Bxf5 a5 30. bxa5 bxa5 31. Be4 Nd3 32. Kg2 Ne5 33. Rc5 Ng4 34. Nxg4 hxg4 35. Rxa5 Rd1 36. h5 Kg7 37. Ra7 Kh6 38. Rxf7 Kxh5 39. Rh7+ Kg5 40. Ra7 Kh5 41. Ra5+ Kh6 42. a4 Rd2 43. Re5 Rd4 44. Bc6 Rc4 45. Re6+ Kg5 46. Bd5 Rc5 47. Rxe2 Rxd5 48. Ra2 Ra5 49. f4+ Kf5 50. Kf2 Ke4 51. Ke2 Kd4 52. Kd2 Kc4 53. Ke3 Kc3 54. Ke4 Kb3 55. Ra1 Kb2 56. Rd1 Rxa4+ 57. Kf5 1-0


[Site "https://www.chess.com"]

[Event "Titled Tuesday Blitz May 03 Early 2022"]
[White "Aslanov, Umid"]
[Black "Winkels, Marcel"]
[WhiteFideId "13412620"]
[BlackFideId "1003887"]
[WhiteElo "1796"]
[BlackElo "1900"]
[Result "1-0"]
[Round "02"]
[TimeControl "180+1"]
[Date "2022.05.03"]
[WhiteClock "0:00:15"]
[BlackClock "0:00:06"]

1. e4 g6 2. d4 Bg7 3. Nc3 d6 4. f4 Nc6 5. Nf3 a6 6. Bd3 Nf6 7. e5 dxe5 8. dxe5 Nd5 9. Nxd5 Qxd5 10. Qe2 Nd4 11. Nxd4 Qxd4 12. c3 Qd5 13. Be4 Qd8 14. Be3 O-O 15. g4 f6 16. exf6 exf6 17. Bc5 Re8 18. Rd1 Bd7 19. O-O Qc8 20. Qc4+ Kh8 21. Bf3 Bb5 22. Qf7 Bxf1 23. Rd7 Rg8 24. Kxf1 Qe8 25. Bxb7 Qxf7 26. Rxf7 Rab8 27. Rxc7 f5 28. gxf5 gxf5 29. b4 Bf6 30. Bd5 Rgd8 31. Be6 Rd1+ 32. Ke2 Rh1 33. Bxf5 Rxh2+ 34. Kf3 Rf8 35. Bxf8 Rh3+ 36. Bxh3 Bxc3 37. Rxc3 1-0


[Site "https://www.chess.com"]

[Event "Titled Tuesday Blitz May 03 Early 2022"]
[White "Atanasov, Anthony"]
[Black "Ozturk, Efe Hakan"]
[WhiteFideId "2623897"]
[BlackFideId "34550216"]
[WhiteElo "1928"]
[BlackElo "1924"]
[Result "1-0"]
[Round "02"]
[TimeControl "180+1"]
[Date "2022.05.03"]
[WhiteClock "0:00:17"]
[BlackClock "0:00:02"]

1. d4 Nf6 2. Nf3 e6 3. Bf4 d5 4. e3 Bd6 5. Nbd2 O-O 6. Bd3 b6 7. Qe2 a5 8. Bg5 Ba6 9. e4 dxe4 10. Nxe4 Bxd3 11. Qxd3 Be7 12. Bxf6 Bxf6 13. h4 Na6 14. Nfg5 g6 15. O-O-O Nb4 16. Qf3 Bg7 17. h5 f5 18. hxg6 fxe4 19. Qg4 h6 20. Qxe6+ Kh8 21. Rh5 Qd5 22. Nf7+ Rxf7 23. Rxd5 Rf6 24. Qxe4 Nxd5 25. Qxd5 Re8 26. Qd7 Re2 27. Qd8+ Rf8 28. Qxc7 Rfxf2 29. d5 1-0


[Site "https://www.chess.com"]

[Event "Titled Tuesday Blitz May 03 Early 2022"]
[White "Avazkhonov, Alikhon"]
[Black "Kovalenko, Igor"]
[WhiteFideId "14208504"]
[BlackFideId "14117908"]
[WhiteElo "1739"]
[BlackElo "2560"]
[Result "0-1"]
[Round "02"]
[TimeControl "180+1"]
[Date "2022.05.03"]
[WhiteClock "0:00:02"]
[BlackClock "0:01:49"]

1. f4 d5 2. Nf3 g6 3. g3 Bg7 4. Bg2 b5 5. O-O Bb7 6. d3 Nf6 7. Nc3 b4 8. Nb1 a5 9. Qe1 c5 10. c3 O-O 11. Ne5 Nc6 12. Nxc6 Bxc6 13. e4 dxe4 14. dxe4 Qb6 15. Nd2 Rfd8 16. Nc4 Qa6 17. Ne5 Bb7 18. c4 a4 19. h3 Nd7 20. Nxd7 Rxd7 21. Qe2 a3 22. Rb1 axb2 23. Bxb2 Qxa2 24. Rfe1 Rad8 25. Bxg7 Qxe2 26. Rxe2 Kxg7 27. e5 Rd1+ 28. Rxd1 Rxd1+ 29. Kh2 Bxg2 30. Kxg2 Rc1 31. Re4 b3 32. Re2 Rc2 0-1


[Site "https://www.chess.com"]

[Event "Titled Tuesday Blitz May 03 Early 2022"]
[White "Avramidou, Anastasia"]
[Black "Soucek, Petr"]
[WhiteFideId "4239873"]
[BlackFideId "23715170"]
[WhiteElo "2183"]
[BlackElo "1979"]
[Result "1-0"]
[Round "02"]
[TimeControl "180+1"]
[Date "2022.05.03"]
[WhiteClock "0:01:36"]
[BlackClock "0:00:09"]

1. c4 Nf6 2. Nc3 g6 3. e4 d6 4. d4 Bg7 5. Bd3 e5 6. d5 O-O 7. Nge2 a5 8. O-O Na6 9. Be3 Ng4 10. Bd2 Bh6 11. Bxh6 Nxh6 12. Qd2 Qh4 13. f3 f5 14. exf5 gxf5 15. Qe1 Qf6 16. Qf2 Nc5 17. Bc2 Kh8 18. Kh1 Bd7 19. b3 Rg8 20. a3 Rg7 21. b4 Na6 22. c5 Rag8 23. Ng3 f4 24. Nh5 Rxg2 25. Nxf6 Rxf2 26. Rxf2 Rg7 27. Nxd7 Rxd7 28. c6 bxc6 29. dxc6 Rd8 30. b5 Nc5 31. Nd5 Nf7 32. Nxc7 Rc8 33. Nd5 Rb8 34. a4 Rc8 35. Rb1 1-0


[Site "https://www.chess.com"]

[Event "Titled Tuesday Blitz May 03 Early 2022"]
[White "Babazada, Khazar"]
[Black "Krstulovic, Alex"]
[WhiteFideId "13413554"]
[BlackFideId "760056"]
[WhiteElo "2406"]
[BlackElo "2193"]
[Result "1-0"]
[Round "02"]
[TimeControl "180+1"]
[Date "2022.05.03"]
[WhiteClock "0:00:30"]
[BlackClock "0:00:02"]

1. Nf3 d5 2. g3 g6 3. Bg2 Bg7 4. O-O e5 5. d3 Ne7 6. Nc3 h6 7. e4 c6 8. Rb1 Be6 9. a3 O-O 10. b4 Nd7 11. Bd2 f5 12. exd5 cxd5 13. Ne2 g5 14. Bxg5 hxg5 15. Nxg5 Rf6 16. Nxe6 Rxe6 17. c4 dxc4 18. dxc4 Nb6 19. Qc2 Rc8 20. c5 Nd7 21. Rbd1 Qc7 22. Rfe1 Nf8 23. Nc3 Rh6 24. Nb5 Qb8 25. Qa2+ Kh7 26. Nd6 Ne6 27. Nxc8 Qxc8 28. Rd6 Nd4 29. Rxd4 exd4 30. Rxe7 Qd8 31. Qf7 Rg6 32. Bh3 Rg5 33. Bxf5+ Kh8 34. h4 Qxe7 35. Qxe7 Rxf5 36. Qe4 Re5 37. Qxb7 d3 38. Qc8+ Kh7 39. Qd7 Re1+ 40. Kg2 Rd1 41. c6 d2 42. c7 Rc1 43. Qd3+ Kh6 44. Qxd2+ 1-0


[Site "https://www.chess.com"]

[Event "Titled Tuesday Blitz May 03 Early 2022"]
[White "Baches Garcia, Guillermo"]
[Black "Valle Maytin, Luis Enrique"]
[WhiteFideId "2209764"]
[BlackFideId "3503666"]
[WhiteElo "2514"]
[BlackElo "2307"]
[Result "1-0"]
[Round "02"]
[TimeControl "180+1"]
[Date "2022.05.03"]
[WhiteClock "0:00:30"]
[BlackClock "0:00:04"]

1. e4 c6 2. c4 d5 3. exd5 cxd5 4. cxd5 Nf6 5. Nc3 g6 6. Nf3 Bg7 7. Bc4 O-O 8. O-O Bg4 9. h3 Bxf3 10. Qxf3 Nbd7 11. d3 a6 12. a4 Rc8 13. Re1 Nb6 14. Bb3 Re8 15. Bg5 Qd6 16. a5 Nbd7 17. Qf4 Nc5 18. Bc4 Nh5 19. Qxd6 exd6 20. Be7 Bf8 21. Bxf8 Kxf8 22. b4 Nd7 23. Ne4 Rxe4 24. Rxe4 Nhf6 25. Rd4 Ne5 26. f4 Ned7 27. Re1 Ne8 28. g4 Ng7 29. Rde4 Rd8 30. Kg2 h5 31. Kg3 Nf6 32. R4e2 hxg4 33. hxg4 Nd7 34. Rh1 Kg8 35. Reh2 Ne8 36. g5 Kg7 37. Rh7+ Kf8 38. Rh8+ Ke7 39. Re1+ Ne5 40. fxe5 Kd7 41. e6+ fxe6 42. dxe6+ Kc6 43. e7 1-0


[Site "https://www.chess.com"]

[Event "Titled Tuesday Blitz May 03 Early 2022"]
[White "Beerdsen, Thomas"]
[Black "Begunov, Konstantin"]
[WhiteFideId "1030108"]
[BlackFideId "4118510"]
[WhiteElo "2585"]
[BlackElo "2262"]
[Result "1-0"]
[Round "02"]
[TimeControl "180+1"]
[Date "2022.05.03"]
[WhiteClock "0:00:51"]
[BlackClock "0:00:08"]

1. e4 c5 2. Nf3 d6 3. d4 cxd4 4. Nxd4 Nf6 5. Nc3 a6 6. a3 e6 7. g4 h6 8. h4 b5 9. Bg2 Bb7 10. g5 hxg5 11. hxg5 Rxh1+ 12. Bxh1 Nfd7 13. g6 Qh4 14. gxf7+ Kxf7 15. Qf3+ Nf6 16. Be3 Nd7 17. O-O-O Ne5 18. Qe2 Neg4 19. Nf3 Qh5 20. e5 Nxe5 21. Nxe5+ Qxe5 22. Bxb7 Rb8 23. Bxa6 b4 24. axb4 Rxb4 25. Bc4 Qa5 26. Bxe6+ Kxe6 27. Bc5+ Kf7 28. Bxb4 Qxb4 29. Re1 Qh4 30. Qe6+ Kg6 31. Ne4 Qf4+ 32. Kb1 d5 33. Nxf6 gxf6 34. Qg8+ Kf5 35. Qh7+ Kg4 36. Qg8+ Kf3 37. Qxf8 Kxf2 38. Rc1 f5 39. Qc5+ d4 40. c3 Qe4+ 41. Rc2+ Ke1 42. Qxd4 1-0


[Site "https://www.chess.com"]

[Event "Titled Tuesday Blitz May 03 Early 2022"]
[White "Bendayan Claros, Aaron"]
[Black "Dauner, Benedikt"]
[WhiteFideId "3803392"]
[BlackFideId "16225899"]
[WhiteElo "2132"]
[BlackElo "2230"]
[Result "0-1"]
[Round "02"]
[TimeControl "180+1"]
[Date "2022.05.03"]
[WhiteClock "0:00:01"]
[BlackClock "0:00:14"]

1. d4 Nf6 2. Bg5 Ne4 3. Bf4 Nc6 4. Nd2 Nxd2 5. Qxd2 d5 6. e3 a6 7. Bd3 Bg4 8. h3 Bh5 9. Nf3 Bxf3 10. gxf3 e6 11. c3 Bd6 12. e4 Qd7 13. e5 Be7 14. b4 a5 15. b5 Nxd4 16. Qe3 Nxb5 17. O-O Nxc3 18. Rfc1 d4 19. Qe1 c6 20. Bd2 O-O 21. Bxc3 dxc3 22. Qe4 g6 23. Rxc3 Rfd8 24. Rb1 Bb4 25. Rcb3 b5 26. Bf1 Be7 27. Rc1 Rac8 28. h4 b4 29. h5 Qd4 30. Qe2 Qd2 31. Qc4 Qg5+ 32. Bg2 Qxh5 33. Qe4 Qg5 34. Re1 Qd2 35. Rbe3 c5 36. Qg4 c4 37. R1e2 Qd1+ 38. Kh2 c3 39. f4 c2 40. Rh3 c1=Q 41. Be4 Qxe2 42. Qxe2 Rd2 43. Qf3 Qe1 44. Kg2 Bc5 0-1


[Site "https://www.chess.com"]

[Event "Titled Tuesday Blitz May 03 Early 2022"]
[White "Bethke, Richard"]
[Black "Melikhov, Evgeny V."]
[WhiteFideId "12959243"]
[BlackFideId "4122046"]
[WhiteElo "2534"]
[BlackElo "1931"]
[Result "1/2-1/2"]
[Round "02"]
[TimeControl "180+1"]
[Date "2022.05.03"]
[WhiteClock "0:00:49"]
[BlackClock "0:00:23"]

1. e4 e5 2. Nf3 Nc6 3. Bc4 Nf6 4. d3 Be7 5. O-O O-O 6. Re1 d6 7. a4 Be6 8. Bxe6 fxe6 9. c3 Qd7 10. b4 a5 11. b5 Nd8 12. Na3 b6 13. Nc4 Nf7 14. d4 exd4 15. cxd4 Rae8 16. Ba3 h6 17. e5 Nd5 18. Qc2 Nb4 19. Bxb4 axb4 20. Rab1 d5 21. Ne3 Ng5 22. Nh4 Ne4 23. Ng6 Rxf2 24. Qb3 Bg5 25. Ng4 Qf7 26. Nxf2 Qxf2+ 27. Kh1 Qf5 28. Qxb4 Qxg6 29. Rf1 Kh7 30. Rb2 Qh5 31. Qa3 Ra8 32. Rc2 Rxa4 33. Qxa4 Ng3+ 34. Kg1 Be3+ 35. Rcf2 Ne2+ 36. Kh1 Ng3+ 37. Kg1 Ne2+ 38. Kh1 Ng3+ 39. Kg1 1/2-1/2


[Site "https://www.chess.com"]

[Event "Titled Tuesday Blitz May 03 Early 2022"]
[White "Bettalli, Francesco"]
[Black "Pinero Rodriguez, Carlos Jose"]
[WhiteFideId "2816453"]
[BlackFideId "3901726"]
[WhiteElo "2216"]
[BlackElo "2053"]
[Result "0-1"]
[Round "02"]
[TimeControl "180+1"]
[Date "2022.05.03"]
[WhiteClock "0:01:49"]
[BlackClock "0:00:21"]

1. d4 c5 2. Nc3 cxd4 3. Qxd4 Nc6 4. Qh4 a6 5. Nf3 e6 6. Qxd8+ Nxd8 7. e4 Bb4 8. Bf4 Bxc3+ 9. bxc3 Nf6 10. Bd3 O-O 11. Bd6 Re8 12. e5 Nd5 13. c4 Nf4 14. O-O Nxd3 15. cxd3 b5 16. c5 Bb7 17. a4 Bxf3 18. gxf3 b4 19. a5 Nc6 20. Rfb1 f6 21. f4 fxe5 22. fxe5 Ra7 23. Rb3 Rb7 24. Rab1 Rb5 25. Ra1 Ra8 26. Kg2 Ra7 27. Ra4 Rab7 28. f4 Rxa5 29. Rxa5 Nxa5 30. Rb1 b3 31. Kf3 Nc6 32. Ke3 a5 33. f5 exf5 34. d4 a4 35. d5 a3 36. e6 a2 37. Rf1 b2 38. Rxf5 h6 39. Rf8+ Kh7 40. dxc6 dxc6 41. e7 Rxe7+ 42. Bxe7 b1=Q 43. Ra8 a1=Q 44. Rxa1 Qxa1 45. Bd6 Qc3+ 46. Ke4 Qe1+ 47. Kf5 g6+ 48. Kf6 Qc3+ 49. Ke7 Kg7 50. Ke6 Qf6+ 51. Kd7 Qf3 52. Ke6 g5 53. Be5+ Kg6 54. Bd6 Qd5+ 55. Ke7 h5 56. Kd7 g4 57. Ke7 h4 58. Ke8 Qe4+ 59. Kd7 Qd5 60. Ke7 Kf5 61. Kf8 Ke4 62. Ke7 Kf3 63. Kf6 g3 64. hxg3 hxg3 65. Bxg3 Kxg3 0-1


[Site "https://www.chess.com"]

[Event "Titled Tuesday Blitz May 03 Early 2022"]
[White "Bifulco, Michel"]
[Black "Nguyen, Hong Anh"]
[WhiteFideId "828580"]
[BlackFideId "12406732"]
[WhiteElo "2165"]
[BlackElo "2016"]
[Result "0-1"]
[Round "02"]
[TimeControl "180+1"]
[Date "2022.05.03"]
[WhiteClock "0:00:52"]
[BlackClock "0:00:58"]

1. d4 Nf6 2. Nc3 d5 3. Bf4 g6 4. h4 Bg7 5. e3 h5 6. Nf3 O-O 7. Be2 c5 8. Qd2 Nc6 9. O-O-O Bg4 10. Ne5 Bxe2 11. Qxe2 cxd4 12. exd4 Qb6 13. Nxc6 bxc6 14. Rd3 Rfe8 15. f3 c5 16. Be5 c4 17. Rd2 Bh6 18. g4 Nd7 19. gxh5 Nxe5 20. dxe5 d4 21. hxg6 dxc3 22. gxf7+ Kxf7 23. Qxc4+ Qe6 24. Qxc3 Rac8 25. Qd3 Bxd2+ 26. Qxd2 Red8 27. Qf4+ Ke8 28. Rg1 Qxa2 29. c3 Qa1+ 30. Kc2 Qxg1 31. Qa4+ Rd7 32. e6 Qd1# 0-1


[Site "https://www.chess.com"]

[Event "Titled Tuesday Blitz May 03 Early 2022"]
[White "Bluebaum, Matthias"]
[Black "Janaszak, Dawid"]
[WhiteFideId "24651516"]
[BlackFideId "1119206"]
[WhiteElo "2550"]
[BlackElo "2199"]
[Result "1-0"]
[Round "02"]
[TimeControl "180+1"]
[Date "2022.05.03"]
[WhiteClock "0:00:10"]
[BlackClock "0:00:07"]

1. d4 d5 2. c4 e6 3. Nc3 Nf6 4. cxd5 Nxd5 5. e4 Nxc3 6. bxc3 c5 7. Rb1 cxd4 8. cxd4 Nc6 9. Bb5 Bd7 10. Nf3 a6 11. Be2 Bb4+ 12. Bd2 Bxd2+ 13. Qxd2 b5 14. O-O O-O 15. Rfc1 Rc8 16. Rc5 Ne7 17. Rxc8 Bxc8 18. Qe3 Bb7 19. a4 Qa8 20. axb5 axb5 21. Nd2 f5 22. exf5 Nxf5 23. Qxe6+ Kh8 24. Bd3 Nxd4 25. Qh3 h6 26. Qg4 Qd8 27. Qg6 Kg8 28. Qh7+ Kf7 29. Nf1 Qf6 30. Ng3 Ke7 31. Re1+ Kd8 32. Rf1 Nf3+ 33. gxf3 Qxf3 34. Be4 Bxe4 35. Qxe4 b4 36. Qxb4 1-0


[Site "https://www.chess.com"]

[Event "Titled Tuesday Blitz May 03 Early 2022"]
[White "Bocharov, Dmitry"]
[Black "Rengifo Blancas, Renzo Jhonathan"]
[WhiteFideId "4138716"]
[BlackFideId "3807185"]
[WhiteElo "2541"]
[BlackElo "2058"]
[Result "1-0"]
[Round "02"]
[TimeControl "180+1"]
[Date "2022.05.03"]
[WhiteClock "0:01:55"]
[BlackClock "0:00:04"]

1. c4 e6 2. d4 d5 3. Nc3 Nf6 4. cxd5 exd5 5. Bg5 Bf5 6. Qb3 Nc6 7. e3 Na5 8. Bxf6 Nxb3 9. Bxd8 Nxa1 10. Bxc7 Rc8 11. Bg3 Bb4 12. Kd2 Bb1 13. Bb5+ Ke7 14. Ne2 Bxa2 15. Rxa1 a6 16. Rxa2 axb5 17. Ra7 Ke6 18. Rxb7 Bxc3+ 19. Nxc3 Rhd8 20. Rb6+ Kf5 21. Rxb5 Ke6 22. Kd3 f6 23. Rb7 Rd7 24. Rxd7 Kxd7 25. b4 Ke6 26. b5 Rc4 27. b6 Rb4 28. Bc7 Rb2 29. g4 g6 30. h3 f5 31. g5 Rb3 32. Kc2 Rb4 33. Ne2 Kd7 34. Nf4 Kc6 35. Ne6 Rc4+ 36. Kd2 Rb4 37. Ke2 Rb2+ 38. Kf3 Kd7 39. Nf8+ Ke7 40. Nxh7 Kf7 41. Nf6 Ke6 42. h4 Rb1 43. h5 gxh5 44. Nxh5 Kf7 45. Nf4 Rb5 46. g6+ Kf6 47. Be5+ Ke7 48. Nxd5+ Kf8 49. g7+ Kg8 50. Ne7+ 1-0


[Site "https://www.chess.com"]

[Event "Titled Tuesday Blitz May 03 Early 2022"]
[White "Bok, Benjamin"]
[Black "Sargsyan, Anna M."]
[WhiteFideId "1017063"]
[BlackFideId "13308130"]
[WhiteElo "2658"]
[BlackElo "2271"]
[Result "1-0"]
[Round "02"]
[TimeControl "180+1"]
[Date "2022.05.03"]
[WhiteClock "0:00:23"]
[BlackClock "0:00:01"]

1. d4 d5 2. c4 c6 3. Nf3 Nf6 4. e3 Bg4 5. h3 Bxf3 6. Qxf3 e6 7. Nc3 Nbd7 8. Bd3 Bb4 9. O-O O-O 10. Qe2 Re8 11. Rd1 Nf8 12. Bd2 Ba5 13. Rab1 Bc7 14. Be1 a5 15. a3 Qe7 16. e4 dxe4 17. Nxe4 Ng6 18. g3 Rad8 19. Bc3 e5 20. Nxf6+ Qxf6 21. Re1 exd4 22. Qxe8+ Rxe8 23. Rxe8+ Nf8 24. Bd2 h6 25. Rbe1 g5 26. Rc8 Bd6 27. Ree8 Kg7 28. Bxa5 h5 29. c5 Bxc5 30. Bc7 Qf3 31. Be5+ Kh6 32. Be4 Qd1+ 33. Kg2 d3 34. Rxf8 1-0


[Site "https://www.chess.com"]

[Event "Titled Tuesday Blitz May 03 Early 2022"]
[White "Bommini, Mounika Akshaya"]
[Black "Zlatin, Alexander"]
[WhiteFideId "25019872"]
[BlackFideId "2810549"]
[WhiteElo "1671"]
[BlackElo "2228"]
[Result "0-1"]
[Round "02"]
[TimeControl "180+1"]
[Date "2022.05.03"]
[WhiteClock "0:01:15"]
[BlackClock "0:00:33"]

1. d4 d5 2. Bf4 e6 3. e3 Bd6 4. Bg3 Nf6 5. Nd2 c5 6. c3 Nc6 7. Ngf3 O-O 8. Bd3 b6 9. Qe2 Bb7 10. Rd1 Ne7 11. e4 dxe4 12. Nxe4 Nxe4 13. Bxe4 Bxe4 14. dxc5 Bxf3 15. Qxf3 bxc5 16. Rxd6 Qa5 17. O-O Qxa2 18. Be5 Nf5 19. Rd2 Rad8 20. Rxd8 Rxd8 21. Qb7 Qd5 22. Qc7 f6 23. Bf4 g5 24. Bc1 Rd7 25. Qb8+ Kg7 26. h3 Nh4 27. f3 Qd6 28. Qxd6 Rxd6 29. Be3 Rb6 30. Rf2 Rb5 31. Rd2 Kg6 32. Kf1 Nf5 33. Bf2 a5 34. Rd7 Rxb2 35. Bxc5 Ng3+ 36. Ke1 Rxg2 37. Bf2 Nf5 38. Ra7 Rh2 39. Rxa5 Rxh3 40. Ke2 Rh1 41. Be1 h5 42. c4 h4 43. c5 h3 44. c6 Nd4+ 45. Kf2 Nxc6 46. Bc3 Nxa5 0-1


[Site "https://www.chess.com"]

[Event "Titled Tuesday Blitz May 03 Early 2022"]
[White "Buscar, Michael"]
[Black "Erdogdu, Mert"]
[WhiteFideId "2603616"]
[BlackFideId "6301495"]
[WhiteElo "2010"]
[BlackElo "2485"]
[Result "0-1"]
[Round "02"]
[TimeControl "180+1"]
[Date "2022.05.03"]
[WhiteClock "0:00:08"]
[BlackClock "0:01:13"]

1. Nf3 d5 2. g3 c5 3. Bg2 e6 4. O-O Nf6 5. d4 Nc6 6. c4 Be7 7. cxd5 exd5 8. dxc5 Bxc5 9. Nc3 O-O 10. Na4 Be7 11. Nd4 Re8 12. b3 Bg4 13. Re1 Bb4 14. Bd2 Nxd4 15. Bxb4 Nxe2+ 16. Rxe2 Bxe2 17. Qd4 Bb5 18. Nc3 Bc6 19. Rd1 Ne4 20. Nxd5 Bxd5 21. Qxd5 Qxd5 22. Rxd5 Rac8 23. Bf3 Nf6 24. Rd2 b6 25. Kg2 h6 26. h4 Red8 27. Re2 Nd5 28. Ba3 Rc7 29. h5 a5 30. Kh3 b5 31. Bb2 b4 32. a3 bxa3 33. Bxa3 Rc3 34. Be4 Rxb3 35. Bc5 Nc3 36. Bc2 Nxe2 37. Bxb3 Nd4 38. Bc4 Rc8 39. Bxf7+ Kxf7 40. Bxd4 a4 41. f4 a3 42. g4 a2 43. Bb2 Rc2 44. Ba1 Rc1 45. Bb2 Rb1 46. Bc3 Rb3 0-1


[Site "https://www.chess.com"]